 Dungeon Crawl Stone Soup version 0.30.1-11-g7821555f0a (webtiles) character file.

Game seed: 16985306210699220869

21 KittyFluff the Trooper (level 2, 0/19 HPs)
             Began as a Gargoyle Berserker on Nov 6, 2023.
             Was a Follower of Trog.
             Slain by a hobgoblin (1 damage)
             ... led by Robin
             ... on level 2 of the Dungeon.
             The game lasted 00:02:43 (744 turns).

KittyFluff the Trooper (Gargoyle Berserker)          Turns: 744, Time: 00:02:44

Health: 0/19       AC:  6    Str: 20    XL:     2   Next: 83%
Magic:  2/2        EV: 11    Int:  7    God:    Trog [*.....]
Gold:   105        SH:  0    Dex:  9    Spells: 1/1 levels left

rFire   . . .        a - +0 mace
rCold   . . .        (no shield)
rNeg    + . .        e - +0 leather armour
rPois   ∞            (no helmet)
rElec   +            (no cloak)
rCorr   .            (no gloves)
SInv    .            (no boots)
Will    .....        (no amulet)
Stlth   +            (no ring)
HPRegen 0.23/turn    (no ring)
MPRegen 0.08/turn

%: no passive effects
@: no status effects
A: sickness immunity, AC +2, negative energy resistance 1, electricity
resistance, torment resistance 1, petrification resistance
a: Renounce Religion, Berserk


You were on level 2 of the Dungeon.
You worshipped Trog.
Trog was aware of your devotion.
You visited 1 branch of the dungeon, and saw 2 of its levels.

You collected 105 gold pieces.

Inventory:

Hand Weapons
 a - a +0 mace (weapon)
Armour
 e - a +0 leather armour (worn)
Scrolls
 b - a scroll of enchant weapon {unknown}
 d - a scroll of fog {unknown}
 g - a scroll of immolation {unknown}
Potions
 c - a potion of curing {unknown}
 f - a potion of haste {unknown}


   Skills:
 + Level 3.4 Fighting
 * Level 3.3 Maces & Flails
 * Level 2.8 Armour
 - Level 1.7 Dodging


You had one spell level left.
You didn't know any spells.
Your spell library was empty.

Dungeon Overview and Level Annotations

Branches:
Dungeon (2/15)

Altars:

Annotations:
D:2 Robin


Innate Abilities, Weirdness & Mutations

You are immune to sickness and miasma.
Your stone body is resilient. (AC +2)
You are immune to poison.
You resist negative energy. (rN+)
You are resistant to electric shocks. (rElec)
You are resistant to unholy torment.
You are immune to petrification.


Message History

A goblin comes into view. It is wielding a +0 dagger.
The hobgoblin moves out of view.
You barely miss something. Something hits you but does no damage.
You miss something. Something hits you.
A goblin comes into view. It is wielding a +0 club.
You barely miss something.
The goblin shouts!
A goblin comes into view. It is wielding a +0 club.
Something hits you.
A goblin comes into view. It is wielding a +0 club.
You barely miss something.
The goblin shouts!
The hobgoblin shouts!
Something hits you but does no damage.
A quokka comes into view.
Something hits you but does no damage.
You barely miss something. Something hits you.
You barely miss something. Something hits you but does no damage.
Robin throws the goblin at you!
You closely miss something. The goblin hits you but does no damage.
Something hits you but does no damage.
You thump something! Trog accepts your kill.
Reactivating autopickup.
You feel a bit more experienced. The goblin barely misses you.
The goblin hits you with a +0 club. The hobgoblin misses you.
You barely miss the hobgoblin.
Robin roars a battlecry!
The goblins go into a battle-frenzy!
The goblin hits you with a +0 club. The hobgoblin hits you.
* * * LOW HITPOINT WARNING * * *
You completely miss the hobgoblin. The goblin closely misses you.
The hobgoblin completely misses you.
Unknown command.
You fail to use your ability.
The goblin barely misses you.
The hobgoblin hits you but does no damage.
You closely miss the hobgoblin. The goblin closely misses you.
Robin roars a battlecry!
The goblin goes into a battle-frenzy!
The hobgoblin hits you.
You die...

... ... ... #.# #.#
#### #.# #######
#...> #<###.....#
..... #g##.....<#
#.....#@#.......#
......#g#.......#
#.....#w#.......#
#.....gg#.......####
......gK#<...........
...###.gg............
.. #................
.......###.....##...
.g....... ...........


You could see Robin, a dart slug, 2 hobgoblins, 4 goblins and a kobold.

Vanquished Creatures
  A dart slug (D:1)
  2 ball pythons (D:1)
  4 goblins
  2 hobgoblins (D:2)
  2 quokkas (D:1)
  2 bats (D:1)
  3 frilled lizards
  A kobold (D:1)
  A rat (D:1)
18 creatures vanquished.

Notes
Turn   | Place    | Note
-------+----------+-------------------------------------------
     0 | D:1      | KittyFluff the Gargoyle Berserker began the quest for the
                  | Orb.
     0 | D:1      | Reached XP level 1. HP: 14/14 MP: 1/1
   156 | D:1      | Reached XP level 2. HP: 13/19 MP: 2/2
   634 | D:1      | Found a faded altar of an unknown god.
   729 | D:2      | Noticed Robin
   744 | D:2      | Slain by a hobgoblin

Illustrated notes

Levels and vault maps discovered:
D:1:      wander_arrival_fairy_ring, layout_loops_cross,
          shapermc_ecumenical_altar_mp_urbaneastern
D:2:      kennysheep_the_goblin_king, layout_rooms, serial_shops, shop,
          minmay_misc_feat_square, uniq_robin

Action                     || total
---------------------------++-------
  Melee: Mace              ||    64
 Armour: Leather armour    ||    27
         Animal skin       ||     1
  Dodge: Dodged            ||    40
